TOP OF THE 1ST |
Bluefield Blue Jays batting - Pitching for Boston (APP) Red Sox : RHP Su-wu Yang
|
Pitching: RHP Su-wu Yang
|
|
Batting: RHB Stephen Casteel
|
0-0: Ball 1-0: Ball 2-0: Ball 3-0: Called Strike 3-1: Ground out 6-3 (Groundball, 6M, EV 108.1 MPH)
|
Batting: RHB David Cooper
|
0-0: Ball 1-0: SOLO HOME RUN (Flyball, 7D, EV 98.1 MPH), Distance : 386 ft
|
Batting: RHB Bill Murray
|
0-0: Ball 1-0: Called Strike 1-1: Foul Ball, location: 2F 1-2: Ball 2-2: Ball 3-2: Foul Ball, location: 2F 3-2: Strikes out swinging
|
Batting: LHB Eric Toney
|
0-0: Foul Ball, location: 2F 0-1: Foul Ball, location: 2F 0-2: Ball 1-2: Foul Ball, location: 2F 1-2: Ball 2-2: Ball 3-2: Fly out, F5 (Flyball, 56D, EV 90.6 MPH)
|
Top of the 1st over - 1 run, 1 hit, 0 errors, 0 left on base; Bluefield 1 - Boston (APP) 0 |
BOTTOM OF THE 1ST |
Boston (APP) Red Sox batting - Pitching for Bluefield Blue Jays : RHP Marcus Reiling
|
Pitching: RHP Marcus Reiling
|
|
Batting: RHB Aukukero Tairi
|
0-0: Ground out 6-3 (Groundball, 6S, EV 82.5 MPH)
|
Batting: SHB Salvador Padilla
|
0-0: Called Strike 0-1: Ball 1-1: Foul Ball, location: 2F 1-2: Ball 2-2: Ground out 4-3 (Groundball, 4M, EV 87.5 MPH)
|
Batting: LHB Carlos Guerra
|
0-0: Ball 1-0: Ball 2-0: Ball 3-0: Called Strike 3-1: Base on Balls
|
Batting: RHB Dave Burwell
|
0-0: Ball 1-0: Called Strike 1-1: Swinging Strike 1-2: Ball 2-2: Ground out 4-3 (Groundball, 34, EV 83.1 MPH)
|
Bottom of the 1st over - 0 runs, 0 hits, 0 errors, 1 left on base; Bluefield 1 - Boston (APP) 0 |
TOP OF THE 2ND |
Bluefield Blue Jays batting - Pitching for Boston (APP) Red Sox : RHP Su-wu Yang
|
Batting: LHB Kurt Estep
|
0-0: Ground out 6-3 (Groundball, 6, EV 83.8 MPH)
|
Batting: SHB Dominik Hasek II
|
0-0: Ball 1-0: Called Strike 1-1: Swinging Strike 1-2: Strikes out swinging
|
Batting: RHB Carlos Bravo
|
0-0: Foul Ball, location: 2F 0-1: Called Strike 0-2: Ground out 5-3 (Groundball, 56, EV 85.6 MPH)
|
Top of the 2nd over - 0 runs, 0 hits, 0 errors, 0 left on base; Bluefield 1 - Boston (APP) 0 |
BOTTOM OF THE 2ND |
Boston (APP) Red Sox batting - Pitching for Bluefield Blue Jays : RHP Marcus Reiling
|
Batting: RHB Alex Melendez
|
0-0: Ball 1-0: Ball 2-0: Foul Ball, location: 2F 2-1: Ball 3-1: Base on Balls
|
Batting: RHB Miguel Villanueva
|
0-0: Fielders Choice at 2nd, 4-6 (Groundball, 4, EV 100.0 MPH)
|
Batting: RHB Tony Gallegos
|
0-0: Called Strike 0-1: Grounds into double play, 5-4-3 (Groundball, 5, EV 83.8 MPH)
|
Bottom of the 2nd over - 0 runs, 0 hits, 0 errors, 0 left on base; Bluefield 1 - Boston (APP) 0 |
TOP OF THE 3RD |
Bluefield Blue Jays batting - Pitching for Boston (APP) Red Sox : RHP Su-wu Yang
|
Batting: RHB Mike Johnson
|
0-0: Called Strike 0-1: Foul Ball, location: 2F 0-2: Strikes out swinging
|
Batting: RHB Shunsuke Shiba Inu
|
0-0: Called Strike 0-1: Ball 1-1: Ball 2-1: Ball 3-1: Ground out 5-3 (Groundball, 5S, EV 82.5 MPH)
|
Batting: RHB Stephen Casteel
|
0-0: Ground out 5-3 (Groundball, 56, EV 105.0 MPH)
|
Top of the 3rd over - 0 runs, 0 hits, 0 errors, 0 left on base; Bluefield 1 - Boston (APP) 0 |
BOTTOM OF THE 3RD |
Boston (APP) Red Sox batting - Pitching for Bluefield Blue Jays : RHP Marcus Reiling
|
Batting: RHB Mario Arriero
|
0-0: Ball 1-0: SINGLE (Groundball, 34D, EV 101.2 MPH)
|
Batting: RHB Bakhtiar Asadov
|
0-0: Ball 1-0: Ball 2-0: Ball 3-0: Base on Balls Mario Arriero to second
|
Batting: RHB Aukukero Tairi
|
0-0: Called Strike 0-1: Ball 1-1: Ball 2-1: Foul Ball, location: 2F 2-2: Ball 3-2: Foul Ball, location: 2F 3-2: Foul Ball, location: 2F 3-2: Foul Ball, location: 2F 3-2: Foul Ball, location: 2F 3-2: Fielders Choice at 2nd, 2-6 (Groundball, 13S, EV 61.9 MPH) Mario Arriero to third
|
Batting: SHB Salvador Padilla
|
0-0: DOUBLE (Line Drive, 7LD, EV 113.8 MPH) Mario Arriero scores Aukukero Tairi to third
|
Batting: LHB Carlos Guerra
|
0-0: Ball 1-0: Ball 2-0: Foul Ball, location: 2F 2-1: Foul Ball, location: 2F 2-2: Foul Ball, location: 2F 2-2: Ball 3-2: Base on Balls
|
Batting: RHB Dave Burwell
|
0-0: Called Strike 0-1: Ball 1-1: Fielders Choice at 2nd, 5-4 (Groundball, 56, EV 82.5 MPH) Aukukero Tairi scores Salvador Padilla to third
|
Batting: RHB Alex Melendez
|
0-0: Ground out 5-3 (Groundball, 5S, EV 89.4 MPH)
|
Bottom of the 3rd over - 2 runs, 2 hits, 0 errors, 2 left on base; Bluefield 1 - Boston (APP) 2 |
TOP OF THE 4TH |
Bluefield Blue Jays batting - Pitching for Boston (APP) Red Sox : RHP Su-wu Yang
|
Batting: RHB David Cooper
|
0-0: Ball 1-0: Ground out 6-3 (Groundball, 6, EV 105.6 MPH)
|
Batting: RHB Bill Murray
|
0-0: Ball 1-0: Ground out 5-3 (Groundball, 56S, EV 81.9 MPH)
|
Batting: LHB Eric Toney
|
0-0: Foul Ball, location: 2F 0-1: Called Strike 0-2: Ball 1-2: Foul Ball, location: 2F 1-2: Ground out U3 (Groundball, 3, EV 80.6 MPH)
|
Top of the 4th over - 0 runs, 0 hits, 0 errors, 0 left on base; Bluefield 1 - Boston (APP) 2 |
BOTTOM OF THE 4TH |
Boston (APP) Red Sox batting - Pitching for Bluefield Blue Jays : RHP Marcus Reiling
|
Batting: RHB Miguel Villanueva
|
0-0: Ball 1-0: Foul Ball, location: 2F 1-1: Called Strike 1-2: Ball 2-2: Foul Ball, location: 2F 2-2: Fly out, F8 (Flyball, 8RD, EV 98.8 MPH)
|
Batting: RHB Tony Gallegos
|
0-0: Ball 1-0: Called Strike 1-1: Ball 2-1: Ball 3-1: Base on Balls
|
Batting: RHB Mario Arriero
|
0-0: Called Strike 0-1: Called Strike 0-2: Foul Ball, location: 2F 0-2: Strikes out looking
|
Batting: RHB Bakhtiar Asadov
|
0-0: Ball 1-0: Fly out, F8 (Flyball, 8LM, EV 95.0 MPH)
|
Bottom of the 4th over - 0 runs, 0 hits, 0 errors, 1 left on base; Bluefield 1 - Boston (APP) 2 |
TOP OF THE 5TH |
Bluefield Blue Jays batting - Pitching for Boston (APP) Red Sox : RHP Su-wu Yang
|
Batting: LHB Kurt Estep
|
0-0: Ball 1-0: Ball 2-0: Called Strike 2-1: Ball 3-1: Foul Ball, location: 2F 3-2: Foul Ball, location: 2F 3-2: Base on Balls
|
Batting: SHB Dominik Hasek II
|
0-0: Ball Kurt Estep steals 2nd base 1-0: Ground out 5-3 (Groundball, 56S, EV 86.9 MPH)
|
Batting: RHB Carlos Bravo
|
0-0: Ball 1-0: Ball 2-0: Called Strike 2-1: Fly out, F7 (Flyball, 78S, EV 90.6 MPH)
|
Batting: RHB Mike Johnson
|
0-0: Ball 1-0: Ground out 4-3 (Groundball, 4, EV 83.8 MPH)
|
Top of the 5th over - 0 runs, 0 hits, 0 errors, 1 left on base; Bluefield 1 - Boston (APP) 2 |
BOTTOM OF THE 5TH |
Boston (APP) Red Sox batting - Pitching for Bluefield Blue Jays : RHP Marcus Reiling
|
Batting: RHB Aukukero Tairi
|
0-0: Ball 1-0: Ball 2-0: Foul Ball, location: 2F 2-1: Foul Ball, location: 2F 2-2: Ball 3-2: Reached on error, E9 (Flyball, 9LS, EV 89.4 MPH)
|
Batting: SHB Salvador Padilla
|
0-0: Ball 1-0: Ball 2-0: Called Strike 2-1: Foul Ball, location: 2F 2-2: Foul Ball, location: 2F 2-2: SINGLE (Groundball, 6D, EV 100.0 MPH) Aukukero Tairi to second
|
Batting: LHB Carlos Guerra
|
0-0: Ball 1-0: Ball 2-0: Ball 3-0: Swinging Strike 3-1: Base on Balls Aukukero Tairi to third Salvador Padilla to second
|
Batting: RHB Dave Burwell
|
0-0: Called Strike 0-1: Called Strike 0-2: SINGLE (Groundball, 56D, EV 106.2 MPH) Aukukero Tairi scores Salvador Padilla to third Carlos Guerra to second Runner from 3rd tries for Home, throw by LF and OUT! 7-2
|
Batting: RHB Alex Melendez
|
0-0: Called Strike 0-1: Fielders Choice at 2nd, 5-4 (Groundball, 56S, EV 89.4 MPH) Carlos Guerra to third
|
Batting: RHB Miguel Villanueva
|
0-0: Swinging Strike 0-1: Swinging Strike 0-2: Foul Ball, location: 2F 0-2: Ball 1-2: Ball 2-2: Strikes out swinging
|
Bottom of the 5th over - 1 run, 2 hits, 1 error, 2 left on base; Bluefield 1 - Boston (APP) 3 |
TOP OF THE 6TH |
Bluefield Blue Jays batting - Pitching for Boston (APP) Red Sox : RHP Su-wu Yang
|
Batting: RHB Shunsuke Shiba Inu
|
0-0: Ball 1-0: Foul Ball, location: 2F 1-1: Called Strike 1-2: Ball 2-2: Fly out, F8 (Flyball, 78M, EV 85.0 MPH)
|
Batting: RHB Stephen Casteel
|
0-0: SINGLE (Groundball, 56D, EV 104.4 MPH)
|
Batting: RHB David Cooper
|
0-0: Ball 1-0: Called Strike Stephen Casteel steals 2nd base (no throw) 1-1: Swinging Strike 1-2: Ball 2-2: Ball 3-2: Base on Balls
|
Batting: RHB Bill Murray
|
0-0: Ball 1-0: Ball 2-0: Foul Ball, location: 2F 2-1: Foul Ball, location: 2F 2-2: Ball 3-2: Foul Ball, location: 2F 3-2: Base on Balls Stephen Casteel to third David Cooper to second
|
Pitching: RHP Tyler Tomblin
|
|
Batting: LHB Eric Toney
|
0-0: Called Strike 0-1: Ball 1-1: Ball 2-1: Ball 3-1: Base on Balls Stephen Casteel scores David Cooper to third Bill Murray to second
|
Batting: LHB Kurt Estep
|
0-0: Called Strike 0-1: Ball 1-1: SINGLE (Groundball, 34D, EV 94.4 MPH) David Cooper scores Bill Murray to third Eric Toney to second Runner from 3rd tries for Home, SAFE, throw by RF to home
|
Batting: SHB Dominik Hasek II
|
0-0: Foul Ball, location: 2F 0-1: Fielders Choice at 2nd, 4-6 (Groundball, 4, EV 93.1 MPH) Eric Toney to third
|
Batting: RHB Carlos Bravo
|
0-0: Fly out, F7 (Flyball, BS1, EV 105.0 MPH)
|
Top of the 6th over - 3 runs, 2 hits, 0 errors, 2 left on base; Bluefield 4 - Boston (APP) 3 |
BOTTOM OF THE 6TH |
Boston (APP) Red Sox batting - Pitching for Bluefield Blue Jays : RHP Marcus Reiling
|
Batting: RHB Tony Gallegos
|
0-0: Ball 1-0: SINGLE (Groundball, 6D, EV 111.9 MPH)
|
Batting: RHB Mario Arriero
|
0-0: Called Strike 0-1: Ball 1-1: Ball 2-1: Called Strike 2-2: Ball 3-2: Base on Balls Tony Gallegos to second
|
Batting: RHB Jim Hubbard
|
0-0: Fly out, F7 (Flyball, 7, EV 96.2 MPH)
|
Batting: RHB Aukukero Tairi
|
0-0: Ball 1-0: Foul Ball, location: 2F 1-1: Ball Passed Ball! Tony Gallegos to third Mario Arriero to second 2-1: Foul Ball, location: 2F 2-2: Foul Ball, location: 2F 2-2: Foul Ball, location: 2F 2-2: Fly out, F9 (Flyball, 89M, EV 76.2 MPH)
|
Batting: SHB Salvador Padilla
|
0-0: Called Strike 0-1: Ground out 5-3 (Groundball, 5, EV 88.1 MPH)
|
Bottom of the 6th over - 0 runs, 1 hit, 0 errors, 2 left on base; Bluefield 4 - Boston (APP) 3 |
TOP OF THE 7TH |
Bluefield Blue Jays batting - Pitching for Boston (APP) Red Sox : RHP Tyler Tomblin
|
Batting: RHB Mike Johnson
|
0-0: Called Strike 0-1: Ball 1-1: DOUBLE (Line Drive, 7LS, EV 100.6 MPH)
|
Batting: RHB Shunsuke Shiba Inu
|
0-0: Swinging Strike 0-1: Foul Ball, location: 2F 0-2: Ball 1-2: Ball 2-2: Ground out 6-3 (Groundball, 6, EV 109.4 MPH)
|
Batting: RHB Stephen Casteel
|
0-0: Ground out 6-3 (Groundball, 6, EV 103.8 MPH)
|
Batting: RHB David Cooper
|
0-0: Ball 1-0: Ball 2-0: Foul Ball, location: 2F 2-1: Ball 3-1: Foul Ball, location: 2F 3-2: TRIPLE (Flyball, 78XD, EV 93.8 MPH) Mike Johnson scores
|
Batting: RHB Bill Murray
|
0-0: Called Strike 0-1: Called Strike 0-2: Ball 1-2: Ball 2-2: Ground out 4-3 (Groundball, 4MD, EV 83.8 MPH)
|
Top of the 7th over - 1 run, 2 hits, 0 errors, 1 left on base; Bluefield 5 - Boston (APP) 3 |
BOTTOM OF THE 7TH |
Boston (APP) Red Sox batting - Pitching for Bluefield Blue Jays : RHP Marcus Reiling
|
Pitching: LHP Mike Hayden
|
|
Batting: LHB Carlos Guerra
|
0-0: Ball 1-0: Ball 2-0: DOUBLE (Line Drive, 9LM, EV 86.2 MPH)
|
Pitching: LHP Mike Oakes
|
|
Batting: RHB Dave Burwell
|
0-0: Ball 1-0: Called Strike 1-1: Ball 2-1: Foul Ball, location: 2F 2-2: Foul Ball, location: 2F 2-2: Strikes out swinging
|
Batting: RHB Alex Melendez
|
0-0: Called Strike 0-1: Ground out 6-3 (Groundball, 6, EV 100.6 MPH)
|
Batting: RHB Miguel Villanueva
|
0-0: Ball Wild Pitch! Carlos Guerra to third 1-0: Swinging Strike 1-1: Swinging Strike 1-2: Strikes out looking
|
Bottom of the 7th over - 0 runs, 1 hit, 0 errors, 1 left on base; Bluefield 5 - Boston (APP) 3 |
TOP OF THE 8TH |
Bluefield Blue Jays batting - Pitching for Boston (APP) Red Sox : RHP Tyler Tomblin
|
Pitching: LHP Anton Lara
|
|
Batting: LHB Eric Toney
|
0-0: Ball 1-0: Ball 2-0: Foul Ball, location: 2F 2-1: Foul Ball, location: 2F 2-2: Strikes out swinging
|
Batting: LHB Kurt Estep
|
0-0: Ball 1-0: Foul Ball, location: 2F 1-1: Ball 2-1: Fly out, F4 (Popup, 3D, EV 55.6 MPH)
|
Pitching: RHP Dan Jenkins
|
|
Batting: SHB Dominik Hasek II
|
0-0: Called Strike 0-1: Ball 1-1: Ball 2-1: SINGLE (Groundball, 6M, EV 104.4 MPH) (infield hit)
|
Batting: RHB Carlos Bravo
|
0-0: Ball 1-0: Called Strike Dominik Hasek II steals 2nd base 1-1: Ball Dominik Hasek II steals 3rd base 2-1: Foul Ball, location: 2F 2-2: Ground out 4-3 (Groundball, 4M, EV 107.5 MPH)
|
Top of the 8th over - 0 runs, 1 hit, 0 errors, 1 left on base; Bluefield 5 - Boston (APP) 3 |
BOTTOM OF THE 8TH |
Boston (APP) Red Sox batting - Pitching for Bluefield Blue Jays : LHP Mike Oakes
|
Batting: RHB Tony Gallegos
|
0-0: Ball 1-0: Called Strike 1-1: Called Strike 1-2: Strikes out looking
|
Batting: RHB Mario Arriero
|
0-0: Called Strike 0-1: Ball 1-1: SINGLE (Groundball, 56D, EV 95.6 MPH)
|
Batting: RHB Jim Hubbard
|
0-0: Called Strike 0-1: Ball 1-1: Ball 2-1: Swinging Strike 2-2: Foul Ball, location: 2F 2-2: Foul Ball, location: 2F 2-2: Ball 3-2: SINGLE (Line Drive, 89M, EV 101.9 MPH) Mario Arriero to second
|
Batting: RHB Aukukero Tairi
|
0-0: Called Strike 0-1: Ball 1-1: Fly out, F8 (Flyball, 89M, EV 89.4 MPH)
|
Batting: SHB Salvador Padilla
|
0-0: Ball 1-0: Foul Ball, location: 2F 1-1: Ball 2-1: Fly out, F4 (Line Drive, 34D, EV 74.4 MPH)
|
Bottom of the 8th over - 0 runs, 2 hits, 0 errors, 2 left on base; Bluefield 5 - Boston (APP) 3 |
TOP OF THE 9TH |
Bluefield Blue Jays batting - Pitching for Boston (APP) Red Sox : RHP Dan Jenkins
|
Batting: RHB Mike Johnson
|
0-0: Swinging Strike 0-1: Ball 1-1: Swinging Strike 1-2: Ball 2-2: Strikes out swinging
|
Batting: RHB Shunsuke Shiba Inu
|
0-0: Ground out 5-3 (Groundball, 56S, EV 87.5 MPH)
|
Batting: RHB Stephen Casteel
|
0-0: Foul Ball, location: 2F 0-1: Ground out 6-3 (Groundball, 6MD, EV 106.2 MPH)
|
Top of the 9th over - 0 runs, 0 hits, 0 errors, 0 left on base; Bluefield 5 - Boston (APP) 3 |
BOTTOM OF THE 9TH |
Boston (APP) Red Sox batting - Pitching for Bluefield Blue Jays : LHP Mike Oakes
|
Pitching: RHP Oswaldo Vasquez
|
|
Batting: LHB Carlos Guerra
|
0-0: Foul Ball, location: 2F 0-1: Foul Ball, location: 2F 0-2: Ball 1-2: Ball 2-2: Ball 3-2: Hit by Pitch
|
Batting: RHB Dave Burwell
|
0-0: Ball 1-0: Swinging Strike 1-1: SINGLE (Line Drive, 89S, EV 96.9 MPH) Carlos Guerra to second
|
Pinch Hitting: LHB Mike Hutcheson
|
0-0: Fielders Choice at 2nd, 5-4 (Groundball, 5, EV 79.4 MPH) Carlos Guerra to third
|
Pitching: RHP Joe Linkous
|
|
Batting: RHB Miguel Villanueva
|
0-0: Foul Ball, location: 2F 0-1: Called Strike 0-2: Foul Ball, location: 2F 0-2: Fly out, F9 (Flyball, 9, EV 93.8 MPH)
|
Batting: RHB Tony Gallegos
|
0-0: Ball 1-0: Fly out, F7 (Flyball, 7, EV 87.5 MPH)
|
Bottom of the 9th over - 0 runs, 1 hit, 0 errors, 2 left on base; Bluefield 5 - Boston (APP) 3 |
|